 Dungeon Crawl Stone Soup version 0.30.1-4-g462c640d31 (webtiles) character file.

Game seed: 7391349696757370764

35 PoweredByGinger the Firebug (level 3, -7/24 HPs)
             Began as a Demonspawn Fire Elementalist on Sept 8, 2023.
             Killed from afar by Sigmund (9 damage)
             ... with a puff of flame
             ... on level 2 of the Dungeon.
             The game lasted 00:02:30 (1661 turns).

PoweredByGinger the Firebug (DsFE)                  Turns: 1661, Time: 00:02:31

Health: -7/24      AC: 12    Str:  8    XL:     3   Next: 16%
Magic:  4/6        EV: 19    Int: 18    God:
Gold:   105        SH:  0    Dex: 13    Spells: 5/6 levels left

rFire   . . .        k - melded +1 dagger (venom)
rCold   . . .        (shield currently unavailable)
rNeg    + + +        a - melded +0 robe
rPois   +            (helmet currently unavailable)
rElec   .            (cloak currently unavailable)
rCorr   .            (gloves currently unavailable)
SInv    .            (boots currently unavailable)
Will    .....        (no amulet)
Stlth   ++           (no ring)
HPRegen 0.24/turn    (no ring)
MPRegen 0.20/turn

%: no passive effects
@: fungus-form
A: melee confuse, terrified, no casting, tiny, (claws 1), magic regeneration
a: no special abilities


You were on level 2 of the Dungeon.
You were a sentient fungus.
You visited 1 branch of the dungeon, and saw 2 of its levels.

You collected 105 gold pieces.

Inventory:

Hand Weapons
 c - a +0 whip
 e - a +0 quarterstaff
 k - a +1 dagger of venom (melded)
Missiles
 f - 3 poisoned darts
 j - 3 javelins
Armour
 a - a +0 robe (melded)
Jewellery
 n - a ring of see invisible
Scrolls
 d - a scroll of teleportation {unknown}
 g - a scroll of vulnerability {unknown}
 h - a scroll of blinking {unknown}
 i - a scroll of amnesia {unknown}
 l - a scroll of identify {unknown}
Potions
 b - 2 potions of magic
 m - a potion of mutation {unknown}


   Skills:
 - Level 2.1 Dodging
 + Level 2.2 Stealth
 + Level 2.3 Spellcasting
 * Level 1.6 Conjurations
 * Level 3.0 Fire Magic


You had 5 spell levels left.
You knew the following spells:

 Your Spells              Type           Power      Damage    Failure   Level
a - Foxfire               Conj/Fire      40%        2x1d6     7%          1

Your spell library contained the following spells:

 Spells                   Type           Power      Damage    Failure   Level
 Scorch                   Fire           24%        2d6       8%          2
 Slow                     Hex            8%         N/A       19%         1
 Inner Flame              Hex/Fire       7%         N/A       28%         3
 Volatile Blastmotes      Fire/Tloc      14%        2d11      28%         3
 Stone Arrow              Conj/Erth      8%         3d7       36%         3
 Confusing Touch          Hex            2%         N/A       47%         3
 Vampiric Draining        Necr           2%         2d6       47%         3
 Flame Wave               Conj/Fire      10%        2d6       56%         4
 Animate Armour           Summ/Erth      4%         N/A       87%         4
 Lehudib's Crystal Spear  Conj/Erth      2%         10d2      100%        8


Dungeon Overview and Level Annotations

Branches:
Dungeon (2/15)

Altars:

Annotations:
D:2 Sigmund


Innate Abilities, Weirdness & Mutations

You are a sentient fungus.
You are tiny and evasive.
Your melee attack releases spores that confuse breathing creatures.
You become terrified and freeze when enemies are visible.
Your armour is entirely melded.
You are incapable of wielding weapons or throwing items.
You cannot cast spells.
((You have sharp fingernails.))
You regenerate magic rapidly.


Message History

You conjure some foxfire!
Sigmund flickers, as though insubstantial.
Sigmund hits you with a +0 scythe.
* * * LOW HITPOINT WARNING * * *
Unknown command.
Your foxfire dissipates!
The foxfire hits Sigmund.
Sigmund is moderately wounded.
Unknown command.
Unknown command.
Casting: Foxfire (safe; 7% risk of failure)
Confirm with . or Enter, or press ? or * to list all spells.
You conjure some foxfire!
Sigmund hits you from afar with a +0 scythe.
* * * LOW HITPOINT WARNING * * *
Unknown command.
Your foxfire dissipates!
The foxfire hits Sigmund.
Sigmund is moderately wounded.
Unknown command.
Unknown command.
Casting: Foxfire (safe; 7% risk of failure)
Confirm with . or Enter, or press ? or * to list all spells.
You conjure some foxfire!
Sigmund laughs darkly.
Sigmund zaps a wand.
You turn into a sentient fungus.
Your +1 dagger of venom melds into your body.
Your +0 robe melds into your body.
Your +1 dagger of venom stops dripping with poison.
Unknown command.
Unknown command.
You're too terrified to move while being watched!
You're too terrified to move while being watched!
The foxfire hits Sigmund but does no damage.
Sigmund is moderately wounded.
The foxfire hits Sigmund.
Sigmund is moderately wounded.
Sigmund casts a spell at you. The puff of flame hits you!
You die...

#. #.# #.# # #. #.#
#.# # #. #..#
#.###### #. #.#
#......# ##.###.#
######.# ...##.#
#.# #..##.# #.#
#§.##.# ######.###
#§f##.####.........
#..........####.###
##@##......<..#....
#.##########......
#.# ####### #.. ##.
.# .#


You could see Sigmund.

Vanquished Creatures
  A dart slug (D:2)
  3 bats (D:1)
  5 endoplasms (D:1)
  A giant cockroach (D:1)
  2 hobgoblins (D:1)
  3 quokkas (D:1)
  3 ball pythons (D:1)
  2 frilled lizards
  3 goblins
  4 kobolds
  3 rats
30 creatures vanquished.

Vanquished Creatures (others)
  17 foxfires
17 creatures vanquished.

Grand Total: 47 creatures vanquished

Notes
Turn   | Place    | Note
-------+----------+-------------------------------------------
     0 | D:1      | PoweredByGinger the Demonspawn Fire Elementalist began the
                  | quest for the Orb.
     0 | D:1      | Reached XP level 1. HP: 13/13 MP: 3/3
   275 | D:1      | Gained mutation: You have sharp fingernails. [demonic
                  | ancestry]
   275 | D:1      | Reached XP level 2. HP: 17/19 MP: 5/5
  1333 | D:2      | Gained mutation: You regenerate magic rapidly. [demonic
                  | ancestry]
  1333 | D:2      | Reached XP level 3. HP: 19/24 MP: 6/6
  1456 | D:2      | Reached skill level 3 in Fire Magic
  1652 | D:2      | Noticed Sigmund
  1661 | D:2      | Killed from afar by Sigmund

Illustrated notes

Levels and vault maps discovered:
D:1:      ncdulo_halloftheorcs, layout_basic
D:2:      layout_loops_ring, uniq_sigmund

Skill      XL: |  1  2  3 |
---------------+----------+-----
Stealth        | 2 |  2.2
Dodging        | 2 |  2.1
Fire Magic     | 3 |  3.0
Spellcasting   | |  2.3
Conjurations   | |  1.6

Action                     || total
---------------------------++-------
  Melee: Whip              ||    14
         Quarterstaff      ||    78
         Unarmed           ||     7
         Dagger            ||    10
   Cast: Foxfire           ||    11
    Use: Potion            ||     1
   Stab: Sleeping          ||     3
 Armour: Robe              ||    34
  Dodge: Dodged            ||    93
